 Dungeon Crawl Stone Soup version 0.26.1-11-gd32895ea62 (webtiles) character file.

Game seed: 11234834507411316590

442 H0rd4k the Insei (level 7, -3/43 HPs)
             Began as an Octopode Transmuter on June 28, 2021.
             Slain by Grinder (6 damage)
             ... while paralysed by Grinder
             ... in a sewer.
             The game lasted 00:07:39 (5501 turns).

H0rd4k the Insei (Octopode Transmuter)              Turns: 5501, Time: 00:07:40

Health: -3/43      AC:  1    Str: 10      XL:     7   Next: 2%
Magic:  11/11      EV:  2    Int: 17      God:
Gold:   210        SH:  0    Dex:  8 (12) Spells: 7/11 levels left

rFire    . . .     SeeInvis .     - Unarmed
rCold    . . .     Faith    .   (no shield)
rNeg     . . .     Spirit   .   (helmet restricted)
rPois    .         Reflect  .   (no amulet)
rElec    .         Harm     .   (no ring)
rCorr    .         Rampage  .   (no ring)
Will     .....                  (no ring)
Stlth    ++........             (no ring)
HPRegen  0.14/turn              (no ring)
MPRegen  0.12/turn              (no ring)
                                (no ring)
                                (no ring)

@: paralysed, attractive
A: almost no armour, stealthy swim, amphibious, 8 rings, constrict 8, camouflage
1, mutation resistance 1, gelatinous body 1
a: no special abilities


You were in a sewer.
You visited 1 branch of the dungeon, and saw 3 of its levels.
You also visited: Sewer.

You collected 210 gold pieces.

Inventory:

Missiles
 d - 29 poisoned darts (quivered)
Jewellery
 e - an uncursed amulet of the acrobat {unknown}
 g - a +6 ring of dexterity {unknown}
 q - a +6 ring of dexterity {unknown}
Scrolls
 a - a scroll of teleportation
 h - a scroll of amnesia
 m - a scroll of remove curse {unknown}
 o - 3 scrolls of fog {unknown}
Potions
 f - 4 potions of heal wounds
 p - 2 potions of flight


   Skills:
 + Level 1.5 Fighting
 + Level 1.5 Throwing
 + Level 2.8 Dodging
 - Level 1.2 Stealth
 + Level 4.9 Unarmed Combat
 * Level 2.9 Spellcasting
 * Level 3.3 Transmutations
 * Level 3.3 Poison Magic


You had 7 spell levels left.
You knew the following spells:

 Your Spells              Type           Power        Failure   Level
a - Beastly Appendage     Tmut           26%          4%          1
b - Spider Form           Tmut/Pois      6%           14%         3

Your spell library contained the following spells:

 Spells                   Type           Power        Failure   Level
 Wereblood                Tmut           13%          7%          2
 Ice Form                 Ice/Tmut       8%           65%         4
 Blade Hands              Tmut           6%           77%         5


Dungeon Overview and Level Annotations

Branches:
Dungeon (3/15)              Sewer (1/1)

Altars:

Annotations:
Sewer Grinder


Innate Abilities, Weirdness & Mutations

You cannot wear most types of armour.
You are very stealthy in the water. (Stealth+)
You are amphibious.
You can wear up to eight rings at the same time.
You can use your tentacles to constrict eight enemies at once.
Your skin changes colour to match your surroundings (Stealth+).
Your rubbery body absorbs attacks. (AC +1, EV +1)
You are somewhat resistant to further mutation.


Message History

Grinder shouts!
Grinder gestures at you. You resist with significant effort.
There is an open gate here.
Found a coppery potion.
It was a potion of mutation.
You feel extremely strange.
You feel genetically stable.
It was a potion of attraction.
You feel attractive to monsters. Grinder gestures at you.
You suddenly lose the ability to move!
Grinder is pulled toward you! Grinder hits you!
You writhe in agony.
Grinder gestures at you. Pain shoots through your body! Grinder hits you!
* * * LOW HITPOINT WARNING * * *
You writhe in agony.
* * * LOW HITPOINT WARNING * * *
Grinder hits you.
You die...

#'#######≈#######'#≈.
#......#(..#......#≈≈
#≈≈≈≈≈....(..≈≈≈≈≈≈≈≈
#≈≈≈≈≈≈#(..#≈≈≈≈≈≈#≈≈
#########'###########
##########...##########
##≈≈≈≈≈≈#...§...#≈≈≈≈≈≈#
#?......'.......'.......
!(....5@'.§._.§('.....(.
#!......'.......'.......
##≈≈≈≈≈≈#..§.§..#≈≈≈≈≈≈#
#########.....#########
##'''## #≈...≈# #≈...≈#
#≈...≈# #≈...≈#


You could see Grinder.

Vanquished Creatures
  A big kobold (Sewer)
  2 quasits (Sewer)
  Natasha (thrice) (D:2)
  2 big kobold zombies (Sewer)
  Robin (D:2)
  4 gnolls (D:2)
  3 adders (D:2)
  3 shadow imps (Sewer)
  4 ufetubi (Sewer)
  2 oozes
  A worm (D:3)
  2 dart slugs (D:1)
  An orc (D:3)
  2 bat zombies (Sewer)
  3 giant cockroaches
  16 goblins
  7 hobgoblins
  3 jackals (D:2)
  2 quokkas (D:2)
  3 ball pythons
  3 bats
  2 frilled lizards (D:2)
  15 kobolds
  A kobold zombie (Sewer)
  5 rats
91 creatures vanquished.

Vanquished Creatures (others)
  An ooze (Sewer)
  A kobold zombie (Sewer)
2 creatures vanquished.

Grand Total: 93 creatures vanquished

Notes
Turn   | Place    | Note
-------+----------+-------------------------------------------
     0 | D:1      | H0rd4k the Octopode Transmuter began the quest for the Orb.
     0 | D:1      | Reached XP level 1. HP: 13/13 MP: 3/3
   232 | D:1      | Reached XP level 2. HP: 18/18 MP: 5/5
   319 | D:1      | Reached skill level 1 in Stealth
   706 | D:1      | Reached XP level 3. HP: 14/23 MP: 6/6
   710 | D:1      | Learned a level 3 spell: Spider Form
  1035 | D:2      | Noticed Natasha
  1139 | D:2      | Noticed Robin
  1163 | D:2      | Killed Robin
  1573 | D:2      | Reached XP level 4. HP: 28/28 MP: 7/7
  1575 | D:2      | Reached skill level 1 in Poison Magic
  2118 | D:2      | Reached XP level 5. HP: 18/33 MP: 6/8
  2616 | D:2      | Killed Natasha
  2617 | D:2      | Reached skill level 1 in Throwing
  2617 | D:2      | Reached skill level 4 in Unarmed Combat
  2841 | D:2      | Noticed Natasha
  2850 | D:2      | Killed Natasha
  3517 | D:2      | Noticed Natasha
  3525 | D:2      | Killed Natasha
  3683 | D:3      | Found a glowing drain.
  3694 | D:3      | Reached XP level 6. HP: 17/38 MP: 9/9
  3797 | Sewer    | Entered a sewer
  4943 | Sewer    | Found a burning altar of Makhleb.
  5362 | Sewer    | Reached XP level 7. HP: 29/43 MP: 11/11
  5473 | Sewer    | Noticed Grinder
  5496 | Sewer    | Gained mutation: You are somewhat resistant to further
                  | mutation. [potion of mutation]
  5497 | Sewer    | Paralysed by Grinder for 6 turns
  5501 | Sewer    | Slain by Grinder

Illustrated notes

Levels and vault maps discovered:
D:1:      heliophobic_arrival_henge, layout_loops_ring
D:2:      layout_basic, uniq_robin, uniq_natasha
D:3:      layout_loops_cross, lemuel_doored_altar, cheibrodos_sewer_entry_bend
Sewer:    kennysheep_sewer_church

Skill      XL: |  1  2  3  4  5  6 |
---------------+-------------------+-----
Stealth        | 1 |  1.2
Poison Magic   | 1 2 3 |  3.3
Throwing       | 1 |  1.5
Unarmed Combat | 4 |  4.9
Transmutations | 3 |  3.3
Fighting       | |  1.5
Dodging        | |  2.8
Spellcasting   | |  2.9

Action                   |  1- 3 |  4- 6 |  7- 9 || total
-------------------------+-------+-------+-------++-------
Melee: Unarmed           |    64 |   169 |       ||   233
       Constrict         |    17 |    41 |       ||    58
       Tentacles         |    10 |    26 |       ||    36
       Punch             |     1 |     2 |       ||     3
       Kick              |       |    10 |       ||    10
Throw: Dart              |    10 |    23 |       ||    33
 Cast: Beastly Appendage |       |     6 |       ||     6
  Use: Scroll            |       |       |     8 ||     8
       Potion            |       |       |     2 ||     2
 Stab: Sleeping          |     7 |     7 |       ||    14
       Distracted        |       |     1 |       ||     1
Armor: Skin              |     2 |    15 |       ||    17
Dodge: Dodged            |    41 |   173 |       ||   214
